 Dungeon Crawl Stone Soup version 0.20.1-1-g8b1a95d (webtiles) character file.

256 polve the Poker (level 6, -1/44 HPs)
             Began as a Merfolk Skald on July 20, 2017.
             Killed from afar by Sigmund (15 damage)
             ... with a puff of flame
             ... on level 3 of the Dungeon.
             The game lasted 00:05:46 (3476 turns).

polve the Poker (Merfolk Skald)                     Turns: 3476, Time: 00:05:47

Health: -1/44      AC:  6    Str: 11    XL:     6   Next: 16%
Magic:  5/9        EV: 12    Int: 14    God:
Gold:   251        SH:  0    Dex: 14    Spells: 3/9 levels left

rFire    . . .     SeeInvis .   a - +0 spear
rCold    . . .     Gourm    .   (no shield)
rNeg     . . .     Faith    .   b - +0 leather armour
rPois    .         Spirit   .   f - +1 helmet
rElec    .         Reflect  .   (no cloak)
rCorr    .         Harm     .   m - +0 pair of gloves
MR       .....                  (no boots)
Stlth    +.........             w - amulet of inaccuracy (curse)
Regen    0.2/turn               x - ring of wizardry
MPRegen  0.2/turn               (no ring)

@: no status effects
A: change form in water, swift swim, stealthy swim
a: no special abilities


You were on level 3 of the Dungeon.
You were hungry.

You visited 1 branch of the dungeon, and saw 4 of its levels.

You collected 251 gold pieces.

Inventory:

Hand Weapons
 a - a +0 spear (weapon)
Armour
 b - a +0 leather armour (worn)
 f - a +1 helmet (worn)
 m - a +0 pair of gloves (worn)
Jewellery
 t - an uncursed amulet of regeneration {unknown}
 w - a cursed amulet of inaccuracy (around neck)
 x - a ring of wizardry (left hand)
Scrolls
 g - 3 scrolls of teleportation
 n - 3 scrolls of blinking
 u - a scroll of identify
Potions
 e - a potion of might {unknown}
 j - 3 potions of curing
 k - a potion of degeneration {unknown}
 l - a potion of brilliance {unknown}
 p - a potion of flight {unknown}
 q - a potion of berserk rage {unknown}
 r - a potion of cancellation {unknown}
 s - a potion of resistance {unknown}
Books
 c - a book of Battle

   Spells                             Type                      Level
   a - Infusion                       Charms                       1
   b - Shroud of Golubria             Charms/Translocation         2
   c - Song of Slaying                Charms                       2
   d - Spectral Weapon                Hexes/Charms                 3
   e - Regeneration                   Charms/Necromancy            3
 o - a book of Changes

   Spells                             Type                      Level
   a - Beastly Appendage              Transmutation                1
   b - Sticks to Snakes               Transmutation                2
   c - Spider Form                    Transmutation/Poison         3
   d - Ice Form                       Ice/Transmutation            4
   e - Blade Hands                    Transmutation                5
 v - a book of Cantrips

   Spells                             Type                      Level
   a - Confusing Touch                Hexes                        1
   b - Animate Skeleton               Necromancy                   1
   c - Summon Small Mammal            Summoning                    1
   d - Apportation                    Translocation                1
Comestibles
 d - 4 bread rations
 h - a royal jelly
 i - 5 fruits


   Skills:
 - Level 2.1 Fighting
 + Level 5.7 Polearms
 - Level 0.6 Armour
 - Level 2.6 Dodging
 - Level 2.0 Spellcasting
 + Level 3.1 Hexes
 - Level 4.0 Charms
 - Level 2.0 Translocations


You had 3 spell levels left.
You knew the following spells:

 Your Spells              Type           Power        Failure   Level  Hunger
a - Infusion              Chrm           ##..         2%          1    ##.....
b - Shroud of Golubria    Chrm/Tloc      #.........   6%          2    ###....
c - Spectral Weapon       Hex/Chrm       ##......     9%          3    ####...


Dungeon Overview and Level Annotations

Branches:
Dungeon (4/15)
 Temple: D:4-7

Altars:
Gozag
Trog
The Shining One

Annotations:
D:3 Sigmund


Message History

Your spectral weapon closely misses Sigmund.
Sigmund hits you with a scythe.
* * * LOW HITPOINT WARNING * * *
You feel better. Sigmund hits you with a scythe.
* * * LOW HITPOINT WARNING * * *
You barely miss Sigmund.
Sigmund is severely wounded.
Your spectral weapon hits Sigmund from afar.
You miss Sigmund.
Sigmund is almost dead.
Your spectral weapon misses Sigmund.
Sigmund hits you but does no damage.
You hit Sigmund.
Sigmund is almost dead.
Your spectral weapon hits Sigmund but does no damage.
You hit Sigmund but do no damage.
Sigmund is almost dead.
Your spectral weapon barely misses Sigmund.
Sigmund gestures at you while chanting. The puff of flame hits you!
You die...

#.# #.# #.# #.#
#.#### #..{.# ####.#
#.################
#..@@(...........#
################.####
#..... #.#### #.# ###


You could see Sigmund and a friendly spectral spear.

Vanquished Creatures
  A scorpion (D:4)
  A hound (D:4)
  An iguana (D:4)
  2 worker ants (D:4)
  Robin (D:2)
  An adder (D:4)
  An ooze (D:3)
  A dart slug (D:1)
  3 leopard geckos
  2 orcs (D:4)
  2 giant cockroaches
  14 goblins
  10 hobgoblins
  9 jackals
  2 quokkas
  A bat (D:1)
  A frilled lizard (D:4)
  8 kobolds
  4 rats
65 creatures vanquished.

Vanquished Creatures (others)
  A spectral weapon (D:4)
1 creature vanquished.

Grand Total: 66 creatures vanquished

Notes
Turn   | Place    | Note
-------+----------+-------------------------------------------
     0 | D:1      | polve the Merfolk Skald began the quest for the Orb.
     0 | D:1      | Reached XP level 1. HP: 16/16 MP: 3/3
   372 | D:1      | Reached XP level 2. HP: 22/22 MP: 5/5
   386 | D:1      | Learned a level 2 spell: Shroud of Golubria
   811 | D:1      | Reached skill level 1 in Translocations
  1061 | D:2      | Noticed Robin
  1063 | D:2      | Reached XP level 3. HP: 27/27 MP: 6/6
  1095 | D:2      | Killed Robin
  1374 | D:2      | Learned a level 3 spell: Spectral Weapon
  1594 | D:2      | Reached XP level 4. HP: 26/33 MP: 3/7
  1749 | D:2      | Found a glowing golden altar of the Shining One.
  1749 | D:2      | Found an opulent altar of Gozag.
  1749 | D:2      | Found a bloodstained altar of Trog.
  1796 | D:3      | Noticed Sigmund
  2030 | D:4      | Reached skill level 1 in Hexes
  2232 | D:4      | Reached skill level 4 in Polearms
  2573 | D:3      | Found a faded altar of an unknown god.
  2674 | D:4      | Reached XP level 5. HP: 22/38 MP: 4/8
  2996 | D:4      | Reached skill level 5 in Polearms
  2996 | D:4      | Reached XP level 6. HP: 25/44 MP: 5/9
  3476 | D:3      | Killed from afar by Sigmund

Skill      XL: |  1  2  3  4  5  6 |
---------------+-------------------+-----
Charms         | 4 |  4.0
Translocations | 1 2 |  2.0
Hexes          | 1 2 3 |  3.1
Polearms       | 4 5 |  5.7
Fighting       | |  2.1
Armour         | |  0.6
Dodging        | |  2.6
Spellcasting   | |  2.0

Action                   |  1- 3 |  4- 6 || total
-------------------------+-------+-------++-------
Melee: Spear             |   133 |   210 ||   343
 Cast: Infusion          |     7 |    14 ||    21
       Spectral Weapon   |       |     3 ||     3
  Use: Scroll            |       |     8 ||     8
       Potion            |       |     2 ||     2
 Stab: Sleeping          |       |     2 ||     2
  Eat: Chunk             |     2 |     7 ||     9
Armor: Leather armour    |    28 |    54 ||    82
Dodge: Dodged            |    48 |   124 ||   172
